 Dungeon Crawl Stone Soup version 0.32-a0-996-gb3226c2 (webtiles) character file.

Game seed: 1052660363811768500

1492 dunhillx the Magician (level 9, -2/57 HPs)
             Began as a Djinni Ice Elementalist on Apr 23, 2024.
             Slain by a hornet zombie (8 damage)
             ... on level 7 of the Dungeon.
             The game lasted 00:38:12 (4461 turns).

dunhillx the Magician (Djinni Ice Elementalist)     Turns: 4461, Time: 00:38:12

Health: -2/57      AC:  3    Str:  7    XL:     9   Next: 7%
Gold:   337        EV: 13    Int: 21    God:
                   SH:  0    Dex: 14

rFire   + + .        g - +2 falchion (holy)
rCold   x . .        (no shield)
rNeg    . . .        a - +1 robe
rPois   ∞            (no helmet)
rElec   .            (no cloak)
rCorr   .            (no gloves)
SInv    .            (boots unavailable)
Will    .....        f - amulet of the acrobat
Stlth   ++           (no ring)
HPRegen 0.29/turn    (no ring)

%: acrobat, infuse magic (-3 HP)
@: flying
A: sickness immunity, fire resistance 2, cold vulnerability 1, float, innate
caster, HP casting, extra vitality 1
a: no special abilities


You were on level 7 of the Dungeon.
You visited 1 branch of the dungeon, and saw 6 of its levels.

You collected 337 gold pieces.

Inventory:

Hand Weapons
 b - a +0 dagger
 g - a +2 falchion of holy wrath (weapon)
Missiles
 j - 15 poisoned darts
Armour
 a - a +1 robe (worn)
Jewellery
 f - an amulet of the acrobat (around neck)
 r - an amulet of the acrobat
Wands
 h - a wand of digging (3)
 m - a wand of polymorph (8)
Scrolls
 c - a scroll of amnesia {unknown}
 d - a scroll of identify
 i - a scroll of teleportation
 k - a scroll of poison
 l - a scroll of fear
 n - a scroll of vulnerability {unknown}
 p - a scroll of fog {unknown}
 s - a scroll of revelation
Potions
 e - 2 potions of degeneration


   Skills:
 + Level 1.5 Fighting
 + Level 5.5 Dodging
 + Level 3.1 Stealth
 * Level 7.8 Spellcasting
 * Level 7.8 Conjurations
 * Level 7.8 Hexes
 * Level 7.8 Summonings
 * Level 7.8 Necromancy
 * Level 7.8 Translocations
 * Level 7.8 Fire Magic
 * Level 7.8 Ice Magic
 * Level 7.8 Air Magic
 * Level 7.8 Earth Magic
 * Level 7.8 Alchemy


You knew the following spells:

 Your Spells              Type           Power      Damage    Failure   Level
a - Freeze                Ice            100%       1d10      1%          1
b - Frozen Ramparts       Ice            82%        1d13      1%          3
c - Ozocubu's Armour      Ice            41%        N/A       1%          3
d - Summon Ice Beast      Ice/Summ       41%        N/A       1%          3
e - Slow                  Hex            100%       N/A       1%          1
f - Mercury Vapours       Alch/Air       82%        N/A       1%          2
g - Lesser Beckoning      Tloc           82%        N/A       1%          2
h - Flame Wave            Conj/Fire      41%        2d11      3%          4
Your spell library was empty.

Dungeon Overview and Level Annotations

Branches:
Dungeon (7/15)             Temple (0/1) D:6

Altars:
Elyvilon
Okawaru

Annotations:
D:6 Eustachio


Innate Abilities, Weirdness & Mutations

You are immune to sickness and miasma.
You are immune to poison.
Your flesh is very heat resistant. (rF++)
You are vulnerable to cold. (rC-)
You float through the air rather than walking.
You learn spells naturally, not from books.
Your magical power is your life essence.
You have superior vitality. (+4 MHP)


Message History

The hornet zombie closely misses you.
The hornet zombie attacks as it pursues you!
The hornet zombie misses you.
The hornet zombie completely misses you.
The hornet zombie attacks as it pursues you!
The hornet zombie closely misses you.
The hornet zombie attacks as it pursues you!
The hornet zombie barely misses you.
The hornet zombie completely misses you.
The hornet zombie attacks as it pursues you!
The hornet zombie barely misses you.
The hornet zombie attacks as it pursues you!
The hornet zombie completely misses you.
A killer bee zombie comes into view.
The hornet zombie attacks as it pursues you!
The hornet zombie hits you.
The hornet zombie completely misses you.
The hornet zombie misses you.
The hornet zombie attacks as it pursues you!
The hornet zombie hits you but does no damage.
The killer bee zombie misses you.
You barely miss the killer bee zombie.
The killer bee zombie closely misses you.
The hornet zombie hits you!
* * * LOW HITPOINT WARNING * * *
The killer bee zombie hits you but does no damage.
Your ice beast hits the hornet zombie.
Your ice beast freezes the hornet zombie.
The hornet zombie resists.
The hornet zombie barely misses you.
The killer bee zombie closely misses you.
You miss the killer bee zombie.
Your ice beast disappears in a puff of smoke!
The killer bee zombie misses you. The hornet zombie closely misses you.
The killer bee zombie completely misses you.
The hornet zombie hits you but does no damage.
You closely miss the killer bee zombie. The killer bee zombie hits you.
* * * LOW HITPOINT WARNING * * *
The killer bee zombie hits you but does no damage.
The hornet zombie hits you!
You die...

### ### #.#####.####
#########..........#
..............#.##.#
.########.###.#Z##.#######
.# #............@Z........
.# ######.###.#.##.#######
.##### #.##..#.##)#
.....####.##..#.##.#
..........##..#.##)#####
.....#######..#.##.....#
..#..# #..#........#
..#..# #..#.##.§§..# ..#
... ......§§.......


You could see a killer bee zombie and a hornet zombie.

Vanquished Creatures
  3 steam dragons
  2 bullfrogs (D:6)
  A hound (D:4)
  An iguana (D:4)
  A sleepcap (D:6)
  3 orc wizards
  A gnoll (D:1)
  6 adders
  A shadow imp (D:6)
  4 dart slugs
  10 orcs
  5 bats
  4 endoplasms
  3 giant cockroaches
  7 goblins
  7 hobgoblins
  7 kobolds
  7 quokkas
  4 ball pythons
  2 frilled lizards (D:1)
  6 rats
85 creatures vanquished.

Vanquished Creatures (collateral kills)
  Grinder (D:6)
  A black bear (D:6)
  An ogre (D:4)
  2 wights (D:7)
  3 orc priests
  A howler monkey zombie (D:7)
  A shadow imp (D:6)
  2 white imps (D:6)
  2 ufetubi (D:6)
  2 ribbon worms
  8 dart slugs (D:6)
  9 orcs
  A giant cockroach (D:4)
  A goblin (D:3)
35 creatures vanquished.

Vanquished Creatures (others)
  An endoplasm (D:1)
1 creature vanquished.

Grand Total: 121 creatures vanquished

Notes
Turn   | Place    | Note
-------+----------+-------------------------------------------
     0 | D:1      | dunhillx the Djinni Ice Elementalist began the quest for
                  | the Orb.
     0 | D:1      | dunhillx set off with the following spells memorised:
                  | Freeze, Frozen Ramparts, Ozocubu's Armour, Summon Ice
                  | Beast.
     0 | D:1      | Reached XP level 1. HP: 15/15 MP: 0/0
    42 | D:1      | Reached XP level 2. HP: 12/21 MP: 0/0
   306 | D:1      | Reached XP level 3. HP: 17/25 MP: 0/0
   306 | D:1      | Learned a level 1 spell: Slow
   868 | D:2      | Reached XP level 4. HP: 31/31 MP: 0/0
  1549 | D:3      | Found a white marble altar of Elyvilon.
  1576 | D:3      | Found an iron altar of Okawaru.
  1685 | D:3      | Found a faded altar of an unknown god.
  1747 | D:4      | Reached XP level 5. HP: 33/36 MP: 0/0
  1747 | D:4      | Learned a level 2 spell: Mercury Vapours
  2075 | D:4      | Reached XP level 6. HP: 38/41 MP: 0/0
  2213 | D:4      | Reached skill level 5 in Spellcasting
  2213 | D:4      | Reached skill level 5 in Conjurations
  2213 | D:4      | Reached skill level 5 in Hexes
  2213 | D:4      | Reached skill level 5 in Summonings
  2213 | D:4      | Reached skill level 5 in Necromancy
  2213 | D:4      | Reached skill level 5 in Translocations
  2213 | D:4      | Reached skill level 5 in Fire Magic
  2213 | D:4      | Reached skill level 5 in Ice Magic
  2213 | D:4      | Reached skill level 5 in Air Magic
  2213 | D:4      | Reached skill level 5 in Earth Magic
  2213 | D:4      | Reached skill level 5 in Alchemy
  2252 | D:4      | Noticed an ogre
  2263 | D:4      | Killed an ogre
  2338 | D:4      | You are sucked into a shaft and drop 2 floors!
  2363 | D:6      | Reached XP level 7. HP: 44/46 MP: 0/0
  2363 | D:6      | Learned a level 2 spell: Lesser Beckoning
  2427 | D:6      | Noticed Eustachio
  3044 | D:6      | Reached skill level 1 in Fighting
  3158 | D:6      | Noticed Grinder
  3231 | D:6      | Paralysed by Grinder for 4 turns
  3246 | D:6      | Killed Grinder
  3247 | D:6      | Reached XP level 8. HP: 18/52 MP: 0/0
  3871 | D:6      | Found a staircase to the Ecumenical Temple.
  4061 | D:6      | Reached skill level 5 in Dodging
  4344 | D:7      | Reached XP level 9. HP: 43/57 MP: 0/0
  4344 | D:7      | Learned a level 4 spell: Flame Wave
  4461 | D:7      | Slain by a hornet zombie

Illustrated notes

Levels and vault maps discovered:
D:1:      kennysheep_arrival_forest, layout_basic
D:2:      layout_rooms, serial_corexii_hall, chequers_hall_statues_y,
          chequers_hall_statues_wall_a, kennysheep_small_spiral, st_stairs_10
D:3:      cheibrodos_thug_alley, layout_loops_ring,
          mainiacjoe_overflow_large_starburst,
          dreamdust_ecumenical_altar_statues
D:4:      layout_loops_ring, nicolae_gozag_seed_capital
D:6:      kennysheep_slugbush, layout_basic, nemelex_altar_shiori,
          minmay_temple_entry_sparse_star, uniq_eustachio, uniq_grinder
D:7:      layout_basic, mainiacjoe_overflow_24_doors, serial_undead,
          serial_undead_a, serial_undead_e, serial_undead_d, serial_undead_a

Skill      XL: |  1  2  3  4  5  6  7  8 |
---------------+-------------------------+-----
Stealth        | 2 3 |  3.1
Dodging        | 3 4 5 |  5.5
Spellcasting   | 4 5 6 7 |  7.8
Conjurations   | 4 5 6 7 |  7.8
Hexes          | 4 5 6 7 |  7.8
Summonings     | 4 5 6 7 |  7.8
Necromancy     | 4 5 6 7 |  7.8
Translocations | 4 5 6 7 |  7.8
Fire Magic     | 4 5 6 7 |  7.8
Ice Magic      | 4 5 6 7 |  7.8
Air Magic      | 4 5 6 7 |  7.8
Earth Magic    | 4 5 6 7 |  7.8
Alchemy        | 4 5 6 7 |  7.8
Fighting       | 1 |  1.5

Action                     |  1- 3 |  4- 6 |  7- 9 || total
---------------------------+-------+-------+-------++-------
  Melee: Falchion          |     1 |     4 |     8 ||    13
  Throw: Dart              |       |       |     2 ||     2
   Cast: Freeze            |    50 |    79 |    67 ||   196
         Summon Ice Beast  |       |    10 |    29 ||    39
         Slow              |       |     1 |       ||     1
  Evoke: Wand              |       |       |     3 ||     3
    Use: Scroll            |       |     4 |     6 ||    10
         Potion            |       |       |     3 ||     3
 Armour: Robe              |    11 |    24 |    54 ||    89
  Dodge: Dodged            |    27 |    48 |   112 ||   187

Table legend: (Time is in decaauts)
 A = Elapsed time spent in this place.
 B = Non-inter-level travel time spent in this place.
 C = Inter-level travel time spent in this place.
 D = Time resting spent in this place.
 E = Time spent auto-exploring this place.
 F = Levels seen in this place.
 G = Mean time per level.
                   A        B        C        D        E       F      G
               +--------+--------+--------+--------+--------+-----+--------+
         Total |   4462 |   4462 |      0 |    955 |    969 |   6 |  743.7 |
       Dungeon |   4462 |   4462 |      0 |    955 |    969 |   6 |  743.7 |
               +--------+--------+--------+--------+--------+-----+--------+

Top non-repeatable levels by time:
     D:6: 1781 daAuts
     D:1: 827 daAuts
     D:2: 681 daAuts
     D:4: 600 daAuts
     D:7: 342 daAuts
     D:3: 228 daAuts
